 Dungeon Crawl Stone Soup version 0.29.1-2-gbd0b4ee654 (webtiles) character file.

Game seed: 17530892650534106707

100 DemonSlayer the Digger (level 4, 0/30 HPs)
             Began as a Demonspawn Earth Elementalist on Nov 24, 2022.
             Killed by divine providence
             ... invoked by an orc priest
              (11 damage)
             ... on level 3 of the Dungeon.
             The game lasted 00:06:01 (2719 turns).

DemonSlayer the Digger (DsEE)                       Turns: 2719, Time: 00:06:01

Health: 0/30       AC:  3    Str: 10    XL:     4   Next: 47%
Magic:  1/8        EV: 12    Int: 17    God:
Gold:   119        SH:  0    Dex: 13    Spells: 5/9 levels left

rFire   . . .      SeeInvis .   c - +0 whip
rCold   . . .      Faith    .   (no shield)
rNeg    . . .      Spirit   .   a - +0 robe
rPois   .          Reflect  .   (no helmet)
rElec   .          Harm     .   (no cloak)
rCorr   .          Rampage  .   j - +0 pair of gloves
Will    .....                   (no boots)
Stlth   ++........              (no amulet)
HPRegen 0.10/turn               (no ring)
MPRegen 0.11/turn               (no ring)

@: hasted, very quick
A: hooves 2, powered by pain 1
a: no special abilities


You were on level 3 of the Dungeon.
You visited 1 branch of the dungeon, and saw 3 of its levels.

You collected 119 gold pieces.

Inventory:

Hand Weapons
 c - a +0 whip (weapon)
Armour
 a - a +0 robe (worn)
 j - a +0 pair of gloves (worn)
Scrolls
 d - a scroll of torment {unknown}
 e - a scroll of teleportation {unknown}
 f - a scroll of immolation {unknown}
 g - a scroll of enchant weapon {unknown}
 m - a scroll of acquirement {unknown}
 o - a scroll of poison {unknown}
Potions
 b - a potion of magic
 k - a potion of lignification
 l - a potion of attraction
 n - a potion of ambrosia


   Skills:
 + Level 2.1 Dodging
 + Level 2.0 Stealth
 + Level 3.1 Spellcasting
 + Level 0.8 Transmutations
 + Level 3.7 Earth Magic


You had 5 spell levels left.
You knew the following spells:

 Your Spells              Type           Power      Damage    Failure   Level
a - Sandblast             Erth           30%        2d9       3%          1
b - Stone Arrow           Conj/Erth      18%        3d8       24%         3

Your spell library contained the following spells:

 Spells                   Type           Power      Damage    Failure   Level
 Passwall                 Tmut/Erth      8%         N/A       10%         2
 Petrify                  Tmut/Erth      10%        N/A       54%         4


Dungeon Overview and Level Annotations

Branches:
Dungeon (3/15)

Altars:


Innate Abilities, Weirdness & Mutations

You have hoof-like feet.
You sometimes gain a little power by taking damage.


Message History

You are too injured to fight recklessly!
You are too injured to fight recklessly!
You are too injured to fight recklessly!
You are too injured to fight recklessly!
The orc priest casts a cantrip, but nothing happens.
The orc hits you but does no damage. The orc attacks as you move away!
The orc hits you but does no damage.
The orc priest calls down the wrath of Beogh upon you.
Pain shoots through your body!
You feel yourself speed up. The orc hits you but does no damage.
Casting: Sandblast (safe; 3% risk of failure)
Confirm with . or Enter, or press ? or * to list all spells.
Aiming: Sandblast (safe; 3% risk of failure)
Press: ? - help, Shift-Dir - straight line, f/p - orc priest
Aim: an orc priest, wielding a +0 club and wearing a +0 ring mail (lightly wounded, 84% to hit)
The blast of sand hits the orc but does no damage.
Unknown command.
Casting: Sandblast (safe; 3% risk of failure)
Confirm with . or Enter, or press ? or * to list all spells.
You don't know that spell.
Casting: Sandblast (safe; 3% risk of failure)
Confirm with . or Enter, or press ? or * to list all spells.
You don't know that spell.
Casting: Sandblast (safe; 3% risk of failure)
Confirm with . or Enter, or press ? or * to list all spells.
Aiming: Sandblast (safe; 3% risk of failure)
Press: ? - help, Shift-Dir - straight line, f/p - orc priest
Aim: an orc priest, wielding a +0 club and wearing a +0 ring mail (lightly wounded, 84% to hit)
The blast of sand hits the orc but does no damage.
The orc hits you but does no damage.
Casting: Sandblast (safe; 3% risk of failure)
Confirm with . or Enter, or press ? or * to list all spells.
Aiming: Sandblast (safe; 3% risk of failure)
Press: ? - help, Shift-Dir - straight line, f/p - orc priest
Aim: an orc priest, wielding a +0 club and wearing a +0 ring mail (lightly wounded, 84% to hit)
The blast of sand misses the orc.
The blast of sand hits the orc priest.
The orc priest is moderately wounded.
The orc priest invokes the aid of Beogh against you.
Beogh smites you!
You die...

##..# ##...##
#.....#
###.).###.##
####.##........
......#)####.##
#...o.....#
#.#.#o######
#.##@# ## #.#
#.# #.# #.# ..#
#.# ##.


You could see an orc priest and an orc.

Vanquished Creatures
  An orc priest (D:3)
  3 worms (D:2)
  5 dart slugs
  4 orcs (D:3)
  4 bats (D:1)
  6 endoplasms
  2 giant cockroaches (D:2)
  3 goblins (D:1)
  3 hobgoblins
  2 quokkas (D:1)
  2 ball pythons (D:1)
  4 frilled lizards
  5 kobolds
  6 rats
50 creatures vanquished.

Notes
Turn   | Place    | Note
-------+----------+-------------------------------------------
     0 | D:1      | DemonSlayer the Demonspawn Earth Elementalist began the
                  | quest for the Orb.
     0 | D:1      | Reached XP level 1. HP: 13/13 MP: 3/3
   332 | D:1      | Gained mutation: You sometimes gain a little power by
                  | taking damage. [demonic ancestry]
   332 | D:1      | Reached XP level 2. HP: 19/19 MP: 0/5
  1148 | D:1      | Gained mutation: You have large cloven feet. [demonic
                  | ancestry]
  1148 | D:1      | Reached XP level 3. HP: 18/24 MP: 2/6
  1348 | D:1      | Found a faded altar of an unknown god.
  1416 | D:1      | Learned a level 3 spell: Stone Arrow
  2419 | D:3      | Gained mutation: You have hoof-like feet. [demonic
                  | ancestry]
  2419 | D:3      | Reached XP level 4. HP: 30/30 MP: 4/8
  2719 | D:3      | Killed from afar by an orc priest

Illustrated notes

Levels and vault maps discovered:
D:1:      matt_arrival_spirals, layout_loops_ring,
          hellmonk_ecumenical_altar_heavens_door, hangedman_decor_growths,
          chequers_serial_rivers_large_a, chequers_serial_rivers_room_a
D:2:      layout_loops_ring
D:3:      layout_loops_corners, small_statue_intersection, uniq_sigmund,
          uniq_natasha

Skill      XL: |  1  2  3  4 |
---------------+-------------+-----
Dodging        | 2 |  2.1
Earth Magic    | 3 |  3.7
Stealth        | 2 |  2.0
Spellcasting   | 3 |  3.1
Transmutations | |  0.8

Action                   |  1- 3 |  4- 6 || total
-------------------------+-------+-------++-------
Melee: Whip              |     3 |       ||     3
       Kick              |     2 |       ||     2
 Cast: Sandblast         |    69 |    11 ||    80
  Use: Scroll            |     4 |       ||     4
       Potion            |       |     1 ||     1
Armor: Robe              |     7 |     6 ||    13
Dodge: Dodged            |    12 |     3 ||    15
